 Dungeon Crawl Stone Soup version 0.21.1-1-g345015f (webtiles) character file.

2604 pk666 the Thaumaturge (level 9, -6/45 HPs)
             Began as a Deep Elf Wizard on Feb 12, 2018.
             Was an Initiate of Vehumet.
             Mangled by a hog (14 damage)
             ... on level 7 of the Dungeon.
             The game lasted 00:44:29 (9859 turns).

pk666 the Thaumaturge (Deep Elf Wizard)             Turns: 9859, Time: 00:44:30

Health: -6/45      AC:  2    Str:  4    XL:     9   Next: 33%
Magic:  1/24       EV: 14    Int: 27    God:    Vehumet [......]
Gold:   533        SH:  0    Dex: 13    Spells: 15/26 levels left

rFire    . . .     SeeInvis .   f - +0 dagger
rCold    . . .     Gourm    .   (no shield)
rNeg     . . .     Faith    .   a - +0 robe
rPois    .         Spirit   .   b - +0 hat
rElec    .         Reflect  .   i - scarf {repulsion}
rCorr    .         Harm     .   (no gloves)
MR       .....                  (no boots)
Stlth    ++........             (no amulet)
HPRegen  0.15/turn              (no ring)
MPRegen  0.19/turn              (no ring)

@: repel missiles
A: no striking features
a: Renounce Religion


You were on level 7 of the Dungeon.
You worshipped Vehumet.
Vehumet was noncommittal.
You were not hungry.

You visited 2 branches of the dungeon, and saw 8 of its levels.

You collected 533 gold pieces.

Inventory:

Hand Weapons
 f - a +0 dagger (weapon)
Missiles
 E - 3 javelins (quivered)
Armour
 a - a +0 robe (worn)
 b - a +0 hat (worn)
 i - a scarf of repulsion (worn)
 v - a cursed +0 pair of gloves
Jewellery
 F - an uncursed ring of protection from cold {unknown}
Wands
 q - a wand of iceblast (9)
 s - a wand of scattershot (6)
Scrolls
 e - 2 scrolls of remove curse {unknown}
 g - 2 scrolls of fear {unknown}
 h - 3 scrolls of magic mapping {unknown}
 k - 2 scrolls of enchant armour {unknown}
 m - 3 scrolls of teleportation {unknown}
 n - a scroll of enchant weapon {unknown}
 p - 7 scrolls of identify {unknown}
 r - 2 scrolls of random uselessness {unknown}
 y - 3 scrolls of amnesia {unknown}
 A - a scroll of fog {unknown}
Potions
 j - 3 potions of curing
 l - 4 potions of lignification {unknown}
 o - a potion of degeneration {unknown}
 u - 4 potions of heal wounds {unknown}
 w - 2 potions of mutation {unknown}
 z - a potion of berserk rage {unknown}
 C - a potion of might {unknown}
 D - a potion of invisibility {unknown}
 G - a potion of haste {unknown}
Books
 c - a book of Minor Magic

   Spells                             Type                      Level
   a - Magic Dart                     Conjuration                  1
   b - Blink                          Translocation                2
   c - Call Imp                       Summoning                    2
   d - Slow                           Hexes                        2
   e - Conjure Flame                  Conjuration/Fire             3
   f - Mephitic Cloud                 Conjuration/Poison/Air       3
 t - a book of the Sky

   Spells                             Type                      Level
   a - Summon Lightning Spire         Summoning/Air                4
   b - Silence                        Hexes/Air                    5
   c - Deflect Missiles               Charms/Air                   6
   d - Conjure Ball Lightning         Conjuration/Air              6
   e - Tornado                        Air                          9
 x - Sif Muna's Introduction to Secret Knowledge
   (You found it on level 4 of the Dungeon)

   Spells                             Type                      Level
   a - Sting                          Conjuration/Poison           1
   b - Freeze                         Ice                          1
   c - Animate Skeleton               Necromancy                   1
   d - Apportation                    Translocation                1
   e - Beastly Appendage              Transmutation                1
Comestibles
 d - 12 rations


   Skills:
 - Level 5.0 Dodging
 - Level 2.4 Stealth
 * Level 9.3 Spellcasting
 * Level 7.2 Conjurations
   Level 1.1 Summonings
 - Level 3.0 Necromancy
 - Level 3.0 Translocations
 + Level 6.2 Fire Magic
 - Level 2.1 Air Magic
 - Level 3.3 Poison Magic


You had 15 spell levels left.
You knew the following spells:

 Your Spells              Type           Power        Failure   Level  Hunger
a - Magic Dart            Conj           ####         1%          1    None
b - Blink                 Tloc           N/A          1%          2    None
c - Apportation           Tloc           ####..       1%          1    None
d - Conjure Flame         Conj/Fire      #####...     1%          3    None
e - Animate Skeleton      Necr           N/A          1%          1    None
z - Mephitic Cloud        Conj/Pois/Air  #####...     2%          3    None


Dungeon Overview and Level Annotations

Branches:
Dungeon (7/15)             Temple (1/1) D:6

Altars:
Ashenzari
Cheibriados
Dithmenos
Elyvilon
Fedhas
Gozag
Hepliaklqana
Kikubaaqudgha
Makhleb
Nemelex Xobeh
Qazlal
Sif Muna
Trog
Uskayaw
Vehumet
Xom
Yredelemnul
Zin
The Shining One

Shops:
D:5 [   D:7 =

Annotations:
D:3 Grinder
D:5 Autsider's ghost, novice DrWz


Message History

The hog bites you.
* * * LOW HITPOINT WARNING * * *
Casting: Blink
Confirm with . or Enter, or press ? or * to list all spells.
You blink.
The hog closely misses you. The hog bites you!
* * * LOW HITPOINT WARNING * * *
Casting: Blink
Confirm with . or Enter, or press ? or * to list all spells.
You blink.
The hog misses you.
Casting: Blink
Confirm with . or Enter, or press ? or * to list all spells.
You blink.
It was a potion of curing.
You feel better. The hog bites you!
* * * LOW HITPOINT WARNING * * *
The hog bites you.
* * * LOW HITPOINT WARNING * * *
You feel better. The hog bites you!
You die...

.....#.#.##########.#.#######.#
.#.###.#.# ##.##.........#
......#..# #.##....#######
...###.### ##.##..## ...# #.#
### ##.#>## #### #.# ##.##
######### #.# ##...## #%?#..#
#.###.....######%.#..#
#.........h@...#..'..#
#####.....####.#..#..# ##...##
#.#).#..# ##.## #.#'##### ###
#....# #...## #####


You could see a hog.

Vanquished Creatures
  A hippogriff (D:7)
  The ghost of Monsterracer the Conjurer, an amateur OpWz of Sif Muna (D:4)
  3 hogs (D:7)
  A human (D:7)
  Menkaure (D:4)
  A sky beast (D:5)
  A black bear (D:7)
  2 ogres (D:5)
  A centaur (D:6)
  3 big kobolds (D:4)
  2 bullfrogs
  A water moccasin skeleton (D:4)
  2 scorpions
  A crimson imp (D:3)
  A quasit (D:6)
  A hound (D:5)
  2 jellies
  An orc priest (D:4)
  An orc wizard (D:4)
  Jessica (D:3)
  3 iguanas
  Ijyb (D:3)
  3 worker ants
  2 hound skeletons (D:6)
  11 gnolls
  3 adders
  A shadow imp (D:7)
  2 worms
  2 dart slugs (D:1)
  5 leopard geckos
  8 orcs
  A ball python (D:3)
  9 giant cockroaches
  33 goblins
  37 hobgoblins
  8 jackals
  3 quokkas
  6 bats
  2 frilled lizards (D:2)
  8 kobolds
  9 rats
185 creatures vanquished.

Notes
Turn   | Place    | Note
-------+----------+-------------------------------------------
     0 | D:1      | pk666 the Deep Elf Wizard began the quest for the Orb.
     0 | D:1      | Reached XP level 1. HP: 10/10 MP: 7/7
   135 | D:1      | Reached XP level 2. HP: 15/15 MP: 5/9
   858 | D:2      | Reached XP level 3. HP: 17/19 MP: 3/11
   973 | D:2      | Learned a level 2 spell: Blink
   977 | D:2      | Learned a level 3 spell: Mephitic Cloud
   981 | D:2      | Learned a level 3 spell: Conjure Flame
  1302 | D:2      | Reached skill level 5 in Spellcasting
  2392 | D:3      | Reached skill level 1 in Fire Magic
  2392 | D:3      | Reached skill level 1 in Poison Magic
  2392 | D:3      | Reached XP level 4. HP: 24/24 MP: 1/13
  2522 | D:3      | Noticed Grinder
  2683 | D:3      | Noticed Jessica
  2687 | D:3      | Killed Jessica
  2687 | D:3      | Reached skill level 1 in Air Magic
  2864 | D:3      | Reached XP level 5. HP: 28/28 MP: 12/14
  3024 | D:3      | Noticed Ijyb
  3052 | D:3      | Killed Ijyb
  3644 | D:4      | Reached XP level 6. HP: 32/32 MP: 9/16
  3675 | D:4      | Noticed Monsterracer's ghost (amateur OpWz)
  3824 | D:4      | Killed Monsterracer's ghost
  3824 | D:4      | Reached XP level 7. HP: 22/36 MP: 0/17
  4534 | D:4      | Noticed Menkaure
  4544 | D:4      | Killed Menkaure
  4544 | D:4      | Reached skill level 6 in Spellcasting
  5861 | D:4      | Identified Sif Muna's Introduction to Secret Knowledge
  5865 | D:4      | Learned a level 1 spell: Apportation
  5867 | D:4      | Learned a level 1 spell: Animate Skeleton
  6352 | D:5      | Entered Level 5 of the Dungeon
  6480 | D:5      | Noticed Autsider's ghost (novice DrWz)
  6588 | D:5      | Reached skill level 5 in Dodging
  6588 | D:5      | Reached XP level 8. HP: 41/41 MP: 6/20
  6650 | D:5      | Found an opulent altar of Gozag.
  6777 | D:5      | Found Batit's Antique Armour Shop.
  6906 | D:5      | Reached skill level 7 in Spellcasting
  6906 | D:5      | Reached skill level 5 in Conjurations
  6906 | D:5      | Reached skill level 5 in Fire Magic
  7630 | D:6      | Found a staircase to the Ecumenical Temple.
  7642 | Temple   | Entered the Ecumenical Temple
  7651 | Temple   | Became a worshipper of Vehumet
  7938 | D:6      | Reached skill level 1 in Necromancy
  8518 | D:6      | Reached skill level 8 in Spellcasting
  8888 | D:7      | Found a glowing golden altar of the Shining One.
  9127 | D:7      | Found Naanto's Jewellery Emporium.
  9270 | D:7      | Found a white marble altar of Elyvilon.
  9377 | D:7      | Noticed a hippogriff
  9391 | D:7      | Killed a hippogriff
  9391 | D:7      | Reached XP level 9. HP: 42/45 MP: 10/23
  9489 | D:7      | Found a shattered altar of Ashenzari.
  9806 | D:7      | Reached skill level 9 in Spellcasting
  9858 | D:7      | HP: 2/45 [hog (8)]
  9859 | D:7      | Mangled by a hog

Skill      XL: |  1  2  3  4  5  6  7  8  9 |
---------------+----------------------------+-----
Conjurations   | 2 3 4 6 7 |  7.2
Dodging        | 3 4 5 |  5.0
Spellcasting   | 5 6 8 9 |  9.3
Fire Magic     | 1 2 3 4 5 6 |  6.2
Poison Magic   | 1 2 3 |  3.3
Air Magic      | 1 2 |  2.1
Translocations | 3 |  3.0
Necromancy     | 2 3 |  3.0
Stealth        | |  2.4
Summonings     | |  1.1

Action                   |  1- 3 |  4- 6 |  7- 9 || total
-------------------------+-------+-------+-------++-------
Melee: Dagger            |     9 |    19 |    28 ||    56
 Cast: Magic Dart        |   150 |    93 |   342 ||   585
       Conjure Flame     |     1 |     4 |    19 ||    24
       Mephitic Cloud    |       |     5 |    11 ||    16
       Animate Skeleton  |       |       |     1 ||     1
       Blink             |       |       |     4 ||     4
  Use: Potion            |       |       |     2 ||     2
 Stab: Confused          |       |       |     2 ||     2
  Eat: Chunk             |     3 |     5 |    19 ||    27
Armor: Robe              |     4 |     5 |     3 ||    12
Dodge: Dodged            |    18 |    29 |    62 ||   109
       Deflected         |       |     2 |    11 ||    13
